 Dungeon Crawl Stone Soup version 0.29-a0-67-g1d65ae1bb4 (webtiles) character file.

Game seed: 7587028460242427374

551 Gargoyl the Skirmisher (level 7, -1/60 HPs)
             Began as a Gnoll Abyssal Knight on Feb 3, 2022.
             Was a Believer of Lugonu.
             Slain by a wyvern (7 damage)
             ... on level 4 of the Dungeon.
             The game lasted 00:04:58 (3799 turns).

Gargoyl the Skirmisher (Gnoll Abyssal Knight)       Turns: 3799, Time: 00:04:59

Health: -1/60      AC:  3    Str: 11 (14) XL:     7   Next: 29%
Magic:  10/11      EV: 11    Int:  7 (10) God:    Lugonu [**....]
Gold:   204        SH:  5    Dex: 11 (12) Spells: 10/10 levels left

rFire   . . .      SeeInvis .   a - +1 hand axe
rCold   . . .      Faith    .   (no shield)
rNeg    . . .      Spirit   .   m - +0 ring mail
rPois   .          Reflect  +   (no helmet)
rElec   .          Harm     .   (no cloak)
rCorr   .          Rampage  .   (no gloves)
Will    .....                   (no boots)
Stlth   +.........              l - amulet of reflection
HPRegen 0.20/turn               (no ring)
MPRegen 0.12/turn               (no ring)

@: attractive, unable to read
A: fangs 1, strong nose, distributed training, deformed body, inability to read
while threatened
a: Renounce Religion, Depart the Abyss, Bend Space


You were on level 4 of the Dungeon.
You worshipped Lugonu.
Lugonu was pleased with you.
You visited 1 branch of the dungeon, and saw 4 of its levels.
You visited the Abyss 1 time.

You collected 204 gold pieces.

Inventory:

Hand Weapons
 a - a +1 hand axe (weapon)
 b - a +0 war axe
Missiles
 d - a throwing net (quivered)
Armour
 m - a +0 ring mail (worn)
Jewellery
 l - an amulet of reflection (around neck)
 o - an amulet of regeneration
Potions
 c - a potion of flight
 f - a potion of curing
 i - a potion of ambrosia
 n - a potion of berserk rage {unknown}
 p - a potion of invisibility {unknown}


   Skills:
 + Level 7.0 Fighting
 + Level 2.4 Short Blades
 + Level 2.4 Long Blades
 + Level 5.2 Axes
 + Level 2.4 Maces & Flails
 + Level 2.4 Polearms
 + Level 2.4 Staves
 + Level 2.4 Slings
 + Level 2.4 Bows
 + Level 2.4 Crossbows
 + Level 2.4 Throwing
 + Level 5.2 Armour
 + Level 3.5 Dodging
 + Level 2.4 Stealth
 + Level 2.4 Shields
 + Level 2.4 Unarmed Combat
 + Level 2.4 Spellcasting
 + Level 2.0 Conjurations
 + Level 2.0 Hexes
 + Level 2.0 Summonings
 + Level 2.0 Necromancy
 + Level 2.0 Translocations
 + Level 2.0 Transmutations
 + Level 2.0 Fire Magic
 + Level 2.0 Ice Magic
 + Level 2.0 Air Magic
 + Level 2.0 Earth Magic
 + Level 2.0 Poison Magic
 + Level 5.3 Invocations
 + Level 2.4 Evocations


You had 10 spell levels left.
You didn't know any spells.
Your spell library was empty.

Dungeon Overview and Level Annotations

Branches:
Dungeon (4/15)
 Temple: D:4-7

Altars:
Beogh

Shops:
D:3 =


Innate Abilities, Weirdness & Mutations

You have very sharp teeth.
Your uncanny sense of smell can sniff out nearby items.
Your experience applies equally to all skills.
Armour fits poorly on your strangely shaped body.
You sometimes lose the ability to read scrolls when taking damage.


Message History

Your Hexes skill increases to level 2!
Your Summonings skill increases to level 2!
Your Necromancy skill increases to level 2!
Your Translocations skill increases to level 2!
Your Transmutations skill increases to level 2!
Your Fire Magic skill increases to level 2!
Your Ice Magic skill increases to level 2!
Your Air Magic skill increases to level 2!
Your Earth Magic skill increases to level 2!
Your Poison Magic skill increases to level 2!
Unknown command.
Throw: 2 darts (poison)
Press: ? - help, Q - select action, (/) - cycle Shift-Dir - straight line, f - wyvern
Aim: a wyvern (60% to hit)
You throw a poisoned dart. The poisoned dart hits the wyvern.
The wyvern is poisoned.
The wyvern bites you! The wyvern barely misses you.
Throw: dart (poison)
Press: ? - help, Q - select action, (/) - cycle Shift-Dir - straight line, f/p - wyvern
Aim: a wyvern (poisoned, 60% to hit)
You throw a poisoned dart. The poisoned dart hits the wyvern.
The wyvern looks even sicker.
You block the wyvern's attack.
Throw: 2 throwing nets
Press: ? - help, Q - select action, (/) - cycle Shift-Dir - straight line, f/p - wyvern
Aim: a wyvern (very poisoned, 60% to hit)
You throw a throwing net.
The throwing net barely misses the wyvern.
The wyvern barely misses you.
You hit the wyvern but do no damage.
The wyvern is lightly wounded.
The wyvern bites you! The wyvern bites you.
* * * LOW HITPOINT WARNING * * *
You barely miss the wyvern.
The wyvern is lightly wounded.
The wyvern bites you!
* * * LOW HITPOINT WARNING * * *
The wyvern closely misses you. The wyvern bites you!
You die...

######)###..............
...# #..########.######.
...# ##.## #(# ...# #..#
#.# ...# ##.## #(# ...#
#..# #.# ...# ##.## #.#
)..######).# #l#
)..........# #@#
...........# #.#
...........# #.#
...........## #.#
#...........# #.#
#...........## #.#
#............# #.#
#..........#.###.#
############..##.#


You could see a wyvern (poisoned).

Vanquished Creatures
  Sigmund (D:2)
  A centaur (D:3)
  2 scorpions (D:4)
  2 orc priests (D:3)
  An orc wizard (D:3)
  A gnoll (D:1)
  An adder (D:3)
  An adder skeleton (D:4)
  A worm (D:2)
  2 dart slugs (D:2)
  6 orcs
  3 bats
  6 endoplasms
  4 giant cockroaches
  5 goblins
  9 hobgoblins
  8 kobolds
  8 ball pythons
  3 frilled lizards
  5 rats
70 creatures vanquished.

Notes
Turn   | Place    | Note
-------+----------+-------------------------------------------
     0 | Abyss:1  | Gargoyl the Gnoll Abyssal Knight began the quest for the
                  | Orb.
     0 | Abyss:1  | Reached XP level 1. HP: 23/23 MP: 3/3
     0 | D:1      | Escaped the Abyss
   195 | D:1      | Reached XP level 2. HP: 29/29 MP: 5/5
   221 | D:1      | Reached * piety under Lugonu
   338 | D:1      | Reached XP level 3. HP: 8/35 MP: 6/6
  1673 | D:2      | Reached skill level 1 in Short Blades
  1673 | D:2      | Reached skill level 1 in Long Blades
  1673 | D:2      | Reached skill level 1 in Maces & Flails
  1673 | D:2      | Reached skill level 1 in Polearms
  1673 | D:2      | Reached skill level 1 in Staves
  1673 | D:2      | Reached skill level 1 in Slings
  1673 | D:2      | Reached skill level 1 in Bows
  1673 | D:2      | Reached skill level 1 in Crossbows
  1673 | D:2      | Reached skill level 1 in Throwing
  1673 | D:2      | Reached skill level 1 in Stealth
  1673 | D:2      | Reached skill level 1 in Shields
  1673 | D:2      | Reached skill level 1 in Unarmed Combat
  1673 | D:2      | Reached skill level 1 in Spellcasting
  1673 | D:2      | Reached skill level 1 in Evocations
  1710 | D:2      | Reached XP level 4. HP: 22/41 MP: 7/7
  2138 | D:2      | Noticed Sigmund
  2153 | D:2      | Killed Sigmund
  2154 | D:2      | Reached skill level 1 in Conjurations
  2154 | D:2      | Reached skill level 1 in Hexes
  2154 | D:2      | Reached skill level 1 in Summonings
  2154 | D:2      | Reached skill level 1 in Necromancy
  2154 | D:2      | Reached skill level 1 in Translocations
  2154 | D:2      | Reached skill level 1 in Transmutations
  2154 | D:2      | Reached skill level 1 in Fire Magic
  2154 | D:2      | Reached skill level 1 in Ice Magic
  2154 | D:2      | Reached skill level 1 in Air Magic
  2154 | D:2      | Reached skill level 1 in Earth Magic
  2154 | D:2      | Reached skill level 1 in Poison Magic
  2154 | D:2      | Reached skill level 5 in Invocations
  2154 | D:2      | Reached XP level 5. HP: 31/47 MP: 8/8
  2154 | D:2      | Reached XP level 6. HP: 35/53 MP: 9/9
  2770 | D:3      | Reached skill level 5 in Axes
  2770 | D:3      | Reached skill level 5 in Armour
  2922 | D:3      | Found Onai's Jewellery Shop.
  2984 | D:3      | Reached ** piety under Lugonu
  3655 | D:4      | Reached XP level 7. HP: 57/59 MP: 10/10
  3678 | D:4      | Reached skill level 7 in Fighting
  3769 | D:4      | Noticed a wyvern
  3785 | D:4      | Gained mutation: You sometimes lose the ability to read
                  | scrolls when taking damage. [potion of mutation]
  3785 | D:4      | Gained mutation: Armour fits poorly on your strangely
                  | shaped body. [potion of mutation]
  3799 | D:4      | Slain by a wyvern

Illustrated notes

Levels and vault maps discovered:
D:1:      giann_wishing_wells, layout_loops_cross, skrybe_limestone_x
D:2:      layout_loops_ring, serial_co_window_serial, co_window_cross_1,
          co_window_paths_a, co_window_paths_a, co_window_of_opportunity_a,
          co_window_corner_a, co_window_corner_b, co_window_unsneaky_path_c,
          co_window_corner_b, co_window_4corner_b, glass_columns_a,
          glass_columns_c, glass_columns_c, glass_columns_a, glass_columns_b,
          uniq_sigmund
D:3:      layout_rooms, serial_shops, shop, kennysheep_orc_chapel
D:4:      layout_basic

Skill      XL: |  1  2  3  4  5  6  7 |
---------------+----------------------+-----
Short Blades   | 1 2 |  2.4
Long Blades    | 1 2 |  2.4
Maces & Flails | 1 2 |  2.4
Polearms       | 1 2 |  2.4
Staves         | 1 2 |  2.4
Slings         | 1 2 |  2.4
Bows           | 1 2 |  2.4
Crossbows      | 1 2 |  2.4
Throwing       | 1 2 |  2.4
Stealth        | 1 2 |  2.4
Shields        | 1 2 |  2.4
Unarmed Combat | 1 2 |  2.4
Spellcasting   | 1 2 |  2.4
Evocations     | 1 2 |  2.4
Dodging        | 3 |  3.5
Conjurations   | 1 2 |  2.0
Hexes          | 1 2 |  2.0
Summonings     | 1 2 |  2.0
Necromancy     | 1 2 |  2.0
Translocations | 1 2 |  2.0
Transmutations | 1 2 |  2.0
Fire Magic     | 1 2 |  2.0
Ice Magic      | 1 2 |  2.0
Air Magic      | 1 2 |  2.0
Earth Magic    | 1 2 |  2.0
Poison Magic   | 1 2 |  2.0
Invocations    | 5 |  5.3
Axes           | 5 |  5.2
Armour         | 5 |  5.2
Fighting       | 7 |  7.0

Action                   |  1- 3 |  4- 6 |  7- 9 || total
-------------------------+-------+-------+-------++-------
Melee: Hand axe          |   102 |   100 |    29 ||   231
       Bite              |     8 |     7 |     2 ||    17
       Punch             |     1 |     2 |       ||     3
Throw: Dart              |       |       |     6 ||     6
       Throwing net      |       |       |     1 ||     1
Invok: Depart the Abyss  |     1 |       |       ||     1
  Use: Potion            |       |     3 |     4 ||     7
       Scroll            |       |     6 |       ||     6
 Stab: Sleeping          |     1 |       |       ||     1
Armor: Leather armour    |    32 |     2 |       ||    34
       Ring mail         |       |    34 |     6 ||    40
       Skin              |       |    13 |       ||    13
Dodge: Dodged            |    79 |    72 |    14 ||   165
Block: Other             |     5 |    28 |     6 ||    39
       Reflection        |       |     1 |       ||     1

Table legend: (Time is in decaauts)
 A = Elapsed time spent in this place.
 B = Non-inter-level travel time spent in this place.
 C = Inter-level travel time spent in this place.
 D = Time resting spent in this place.
 E = Time spent auto-exploring this place.
 F = Levels seen in this place.
 G = Mean time per level.
                   A        B        C        D        E       F      G
               +--------+--------+--------+--------+--------+-----+--------+
         Total |   3814 |   3756 |     58 |   1008 |   2063 |   5 |  762.8 |
       Dungeon |   3814 |   3756 |     58 |   1008 |   2063 |   4 |  953.5 |
         Abyss |      0 |      0 |      0 |      0 |      0 |   1 |    0.0 |
               +--------+--------+--------+--------+--------+-----+--------+

Top non-repeatable levels by time:
     D:2: 1358 daAuts
     D:1: 1155 daAuts
     D:3: 819 daAuts
     D:4: 481 daAuts
